 Dungeon Crawl Stone Soup version 0.19.1 (webtiles) character file.

9580 theElss the Basher (level 11, -18/74 HPs)
             Began as a Gargoyle Berserker on Dec 4, 2016.
             Was a High Priest of Trog.
             Hit by a large rock thrown by a cyclops (31 damage)
             ... on level 9 of the Dungeon.
             The game lasted 00:31:17 (9812 turns).

theElss the Basher (Gargoyle Berserker)             Turns: 9812, Time: 00:31:18

Health: -18/74     AC: 16    Str: 24    XL:     11   Next: 48%
Magic:  3/3        EV: 10    Int:  8    God:    Trog [*****.]
Gold:   302        SH:  0    Dex:  9    Spells: 0 memorised, 10 levels left

rFire  . . .     SeeInvis .     K - +4 great mace (antimagic)
rCold  + . .     Gourm    .     j - +0 scale mail
rNeg   + . .     Faith    .     (shield currently unavailable)
rPois  ∞         Spirit   .     Q - +1 hat
rElec  +         Reflect  .     G - +0 cloak
rCorr  .         Harm     .     (no gloves)
MR     .....                    (no boots)
Stlth  ..........               (no amulet)
                                L - ring of protection from cold
                                (no ring)

@: no status effects
A: negative energy resistance 1, electricity resistance, unbreathing,
petrification resistance, rot immunity, AC +7
a: Berserk, Trog's Hand, Brothers in Arms, Burn Spellbooks, Renounce Religion


You were on level 9 of the Dungeon.
You worshipped Trog.
Trog was extremely pleased with you.
You were not hungry.

You visited 1 branch of the dungeon, and saw 9 of its levels.
You also visited: Ossuary.

You collected 450 gold pieces.
You spent 148 gold pieces at shops.

Inventory:

Hand Weapons
 B - a +2 flail of crushing
 K - a +4 antimagic great mace (weapon)
Armour
 b - a +0 animal skin
 j - a +0 scale mail (worn)
 G - a +0 cloak (worn)
 Q - a +1 hat (worn)
Jewellery
 r - an uncursed ring of ice
 L - a ring of protection from cold (right hand)
Wands
 A - a wand of lightning (10/15)
 H - a wand of iceblast (9/15)
 I - a wand of digging (5/24)
 J - a wand of slowing (40/48)
 N - a wand of digging (9/24)
 O - a wand of confusion (22/48)
Scrolls
 a - 2 scrolls of enchant weapon
 h - 4 scrolls of fog
 k - 8 scrolls of teleportation
 n - 2 scrolls of magic mapping
 o - 7 scrolls of remove curse
 p - 2 scrolls of immolation
 s - 4 scrolls of blinking
 z - a scroll of fear
 C - a scroll of brand weapon
 P - a scroll of identify
Potions
 d - 2 potions of invisibility {unknown}
 e - 6 potions of curing
 g - a potion of might {unknown}
 i - a potion of magic {unknown}
 m - a potion of berserk rage
 t - 3 potions of degeneration {unknown}
 u - a potion of ambrosia {unknown}
 v - 10 potions of flight
 w - a potion of mutation {unknown}
 x - a potion of lignification {unknown}
 D - a potion of agility {unknown}
 E - 2 potions of resistance {unknown}
 F - 2 potions of cancellation {unknown}
Books
 y - a book of Cantrips

   Spells                             Type                      Level
   a - Confusing Touch                Hexes                        1
   b - Animate Skeleton               Necromancy                   1
   c - Summon Small Mammal            Summoning                    1
   d - Apportation                    Translocation                1
   Trog disapproves of the use of such an item.
 M - a book of Maledictions

   Spells                             Type                      Level
   a - Corona                         Hexes                        1
   b - Ensorcelled Hibernation        Hexes/Ice                    2
   c - Confuse                        Hexes                        3
   d - Tukima's Dance                 Hexes                        3
   e - Dazzling Spray                 Conjuration/Hexes            3
   Trog disapproves of the use of such an item.
Comestibles
 c - 10 bread rations
 f - 6 meat rations
 l - a chunk of flesh
 q - 4 slices of pizza


   Skills:
 + Level 11.1 Fighting
 + Level 14.3 Maces & Flails
 - Level 2.1 Armour
 - Level 1.5 Dodging


You had 10 spell levels left.
You didn't know any spells.

Dungeon Overview and Level Annotations

Branches:
Dungeon (9/15)             Temple (0/1) D:4            Lair (0/6) D:9
    Orc (0/2) D:9

Altars:
Elyvilon
Gozag
Hepliaklqana
Sif Muna

Shops:
D:4 ?   D:6 [


Innate Abilities, Weirdness & Mutations

You are resistant to torment.
Your stone body is resilient. (AC +7)
You are immune to poison.
You resist negative energy. (rN+)
You are resistant to electric shocks. (rElec)
You can survive without breathing.
You are immune to petrification.
You are immune to rotting.


Message History

You open the door.
There is an open door here.
There is an open door here.
Some of the chunks of flesh in your inventory have rotted away.
You open the door.
Found 8 stones.
A scorpion and a cyclops come into view.
The cyclops shouts!
The cyclops throws a large rock.
The large rock hits you!!
Found 17 gold pieces.
There is an open door here.
You see here a large rock.
The cyclops throws a large rock.
The large rock hits you!!
* * * LOW HITPOINT WARNING * * *
You see here a large rock.
The cyclops throws a large rock.
The large rock hits you!
* * * LOW HITPOINT WARNING * * *
You see here a large rock.
The cyclops throws a large rock.
The large rock hits you!!
You die...

#..................#
#.#
#..................#
.#
#..................#
..
#..................#
>#
#####.....####(#######
## #.....#...($.....#
#.....#$.........#
#.....#...(......#
#.....#...@s.....#
#.....#.......(..#
#.....#..........#
#.....+..C.......#
############


You could see a cyclops and a scorpion.

Vanquished Creatures
  Erolcha (D:9)
  Maurice (D:8)
  A hornet (D:8)
  Grinder (D:4)
  A slime creature (D:8)
  2 hippogriffs (D:8)
  A spriggan (D:8)
  2 wyverns
  11 yaks
  A hungry ghost (D:8)
  2 steam dragons
  Menkaure (D:5)
  Duvessa (D:5)
  An ice beast (D:8)
  A phantom (D:8)
  A black bear (D:7)
  An orc warrior (D:7)
  3 ogres
  2 sky beasts (D:7)
  4 centaurs
  2 big kobolds
  8 bullfrogs
  Dowan (D:5)
  10 scorpions
  4 killer bees (D:8)
  14 wights
  A howler monkey (D:8)
  7 centaur zombies
  2 centaur skeletons
  3 human zombies (Ossuary)
  A bullfrog skeleton (D:7)
  2 gnoll shamans
  2 hounds
  8 jellies
  5 orc priests
  Jessica (D:2)
  4 iguanas
  6 orc wizards
  8 worker ants
  3 big kobold zombies (Ossuary)
  3 mummies (Ossuary)
  A howler monkey skeleton (D:8)
  9 adders
  A river rat (D:4)
  2 scorpion zombies (Ossuary)
  11 gnolls
  13 oozes (D:8)
  An adder skeleton (D:8)
  2 worms (D:3)
  2 leopard geckos
  28 orcs
  2 ball pythons
  12 bats
  10 giant cockroaches
  7 hobgoblins
  6 jackals
  3 quokkas
  4 frilled lizards
  3 goblins
  A goblin zombie (Ossuary)
  5 hobgoblin zombies (Ossuary)
  14 kobolds
  4 kobold zombies (Ossuary)
  An orc zombie (Ossuary)
  A quokka skeleton (D:8)
  45 rats
322 creatures vanquished.

Vanquished Creatures (others)
  A quokka (D:6)
  5 fungi (D:8)
6 creatures vanquished.

Grand Total: 328 creatures vanquished

Notes
Turn   | Place    | Note
-------+----------+-------------------------------------------
     0 | D:1      | theElss the Gargoyle Berserker began the quest for the Orb.
     0 | D:1      | Reached XP level 1. HP: 14/14 MP: 1/1
    48 | D:1      | Reached XP level 2. HP: 17/19 MP: 2/2
   494 | D:1      | Reached ** piety under Trog
   494 | D:1      | Reached XP level 3. HP: 24/24 MP: 3/3
   756 | D:2      | Reached skill level 4 in Maces & Flails
   927 | D:2      | Reached XP level 4. HP: 27/29 MP: 4/4
   975 | D:2      | Reached *** piety under Trog
  1276 | D:2      | Noticed Jessica
  1283 | D:2      | Killed Jessica
  1514 | D:3      | Reached XP level 5. HP: 29/34 MP: 5/5
  1638 | D:3      | Found an opulent altar of Gozag.
  1741 | D:3      | Reached skill level 5 in Maces & Flails
  2143 | D:4      | Found Pousepsete's Magic Scroll Emporium.
  2149 | D:4      | Bought a scroll of teleportation for 33 gold pieces
  2149 | D:4      | Bought a scroll of remove curse for 33 gold pieces
  2149 | D:4      | Bought a scroll of identify for 22 gold pieces
  2149 | D:4      | Bought a scroll of amnesia for 38 gold pieces
  2149 | D:4      | Bought a scroll of random uselessness for 11 gold pieces
  2149 | D:4      | Bought a scroll of random uselessness for 11 gold pieces
  2161 | D:4      | Reached **** piety under Trog
  2363 | D:4      | Noticed an ogre
  2368 | D:4      | Killed an ogre
  2368 | D:4      | Reached skill level 6 in Maces & Flails
  2368 | D:4      | Reached XP level 6. HP: 40/40 MP: 6/6
  2388 | D:4      | Found a staircase to the Ecumenical Temple.
  2423 | D:4      | Reached skill level 5 in Fighting
  2817 | D:4      | HP: 3/60 [orc priest/enchanted hand axe (2)]
  3115 | D:4      | Reached XP level 7. HP: 42/44 MP: 7/7
  3301 | D:4      | Noticed Grinder
  3305 | D:4      | Paralysed by Grinder for 4 turns
  3312 | D:4      | Killed Grinder
  3312 | D:4      | Reached skill level 7 in Maces & Flails
  3477 | D:4      | Found a deep blue altar of Sif Muna.
  3603 | D:5      | Entered Level 5 of the Dungeon
  3621 | D:5      | Noticed Menkaure
  3626 | D:5      | Killed Menkaure
  3626 | D:5      | Reached skill level 8 in Maces & Flails
  3631 | D:5      | Reached XP level 8. HP: 51/51 MP: 8/8
  3686 | D:5      | Noticed Duvessa
  3687 | D:5      | Noticed Dowan
  3692 | D:5      | Killed Duvessa
  3701 | D:5      | Killed Dowan
  3907 | D:5      | Found a runed door.
  3940 | D:5      | Found a hazy altar of Hepliaklqana.
  4072 | D:6      | Reached skill level 9 in Maces & Flails
  4690 | D:6      | Found a white marble altar of Elyvilon.
  4741 | D:6      | Found Mahel's Armour Shoppe.
  5157 | D:7      | Reached skill level 10 in Maces & Flails
  5157 | D:7      | Reached XP level 9. HP: 30/57 MP: 9/9
  5428 | D:7      | You fall through a shaft!
  5444 | D:8      | Found a sand-covered staircase.
  5454 | Ossuary  | Entered an ossuary
  5691 | Ossuary  | Reached ***** piety under Trog
  5878 | Ossuary  | Reached skill level 11 in Maces & Flails
  6304 | D:8      | Noticed Maurice
  6314 | D:8      | Killed Maurice
  6326 | D:8      | Reached skill level 12 in Maces & Flails
  6326 | D:8      | Reached XP level 10. HP: 53/64 MP: 10/10
  7464 | D:8      | Reached skill level 13 in Maces & Flails
  7676 | D:7      | Reached skill level 10 in Fighting
  8530 | D:8      | Reached XP level 11. HP: 61/72 MP: 11/11
  8929 | D:9      | Found a staircase to the Lair.
  9000 | D:9      | Noticed Erolcha
  9231 | D:9      | Killed Erolcha
  9231 | D:9      | Reached skill level 14 in Maces & Flails
  9308 | D:9      | Received a gift from Trog
  9568 | D:9      | Found a staircase to the Orcish Mines.
  9808 | D:9      | Noticed a cyclops
  9812 | D:9      | Hit by a large rock thrown by a cyclops

Skill      XL: |  1  2  3  4  5  6  7  8  9 10 11 |
---------------+----------------------------------+-----
Maces & Flails | 4 6 8 10 12 13 14 | 14.3
Fighting       | 4 5 7 8 10 11 | 11.1
Armour         | |  2.1
Dodging        | |  1.5

Action                   |  1- 3 |  4- 6 |  7- 9 | 10-12 || total
-------------------------+-------+-------+-------+-------++-------
Melee: Mace              |   120 |   183 |    17 |       ||   320
       Flail             |       |       |   317 |   354 ||   671
       Great mace        |       |       |       |    29 ||    29
Invok: Berserk           |       |     4 |     6 |     2 ||    12
       Trog's Hand       |       |       |       |     1 ||     1
  Use: Scroll            |       |       |    10 |     1 ||    11
       Potion            |       |       |     1 |       ||     1
 Stab: Sleeping          |       |     1 |       |       ||     1
  Eat: Chunk             |       |    10 |    13 |    15 ||    38
       Beef jerky        |       |       |     3 |       ||     3
Armor: Animal skin       |    43 |    48 |    25 |       ||   116
       Scale mail        |       |       |   120 |   182 ||   302
Dodge: Dodged            |    88 |   109 |   141 |   143 ||   481
